 Dungeon Crawl Stone Soup version 0.26.0-10-g1f06aea511 (webtiles) character file.

Game seed: 13921357179615124154

412 Borgoz the Ducker (level 6, -4/52 HPs)
             Began as a Ghoul Gladiator on Jan 18, 2021.
             Slain by a mummy (17 damage)
             ... in an ossuary.
             The game lasted 00:03:43 (4068 turns).

Borgoz the Ducker (Ghoul Gladiator)                 Turns: 4068, Time: 00:03:44

Health: -4/52      AC:  4    Str: 18    XL:     6   Next: 90%
Magic:  5/5        EV: 13    Int:  3    God:
Gold:   191        SH:  0    Dex: 12    Spells: 5/5 levels left

rFire    . . .     SeeInvis .   a - +0 long sword
rCold    + . .     Faith    .   (no shield)
rNeg     + + +     Spirit   .   o - +0 leather armour (curse)
rPois    ∞         Reflect  .   c - +0 helmet
rElec    .         Harm     .   (no cloak)
rCorr    .         Rampage  .   (no gloves)
Will     .....                  (no boots)
Stlth    +.........             (no amulet)
HPRegen  0.00/turn              (no ring)
MPRegen  0.09/turn              (no ring)

@: no status effects
A: claws 1, cold resistance 1, negative energy resistance 3, inhibited
regeneration, torment resistance, unbreathing
a: no special abilities


You were in an ossuary.
You visited 1 branch of the dungeon, and saw 4 of its levels.
You also visited: Ossuary.

You collected 191 gold pieces.

Inventory:

Hand Weapons
 a - a +0 long sword (weapon)
Missiles
 d - 2 throwing nets (quivered)
Armour
 c - a +0 helmet (worn)
 o - a cursed +0 leather armour (worn)
Wands
 b - a wand of iceblast (14)
 j - a wand of flame (13)
Scrolls
 e - a scroll of blinking
 i - 2 scrolls of remove curse
 k - a scroll of teleportation
 q - 2 scrolls of enchant armour
Potions
 f - a potion of haste
 g - 2 potions of flight
 h - 2 potions of might
 l - a potion of cancellation
 m - a potion of ambrosia
 n - a potion of brilliance


   Skills:
 + Level 3.6 Fighting
 * Level 4.5 Long Blades
 - Level 1.7 Throwing
 + Level 2.1 Armour
 * Level 4.5 Dodging


You had 5 spell levels left.
You didn't know any spells.
Your spell library was empty.

Dungeon Overview and Level Annotations

Branches:
Dungeon (4/15)             Temple (0/1) D:4         Ossuary (1/1)

Altars:
Hepliaklqana


Innate Abilities, Weirdness & Mutations

You thrive by killing the living.
You are immune to poison.
You have sharp fingernails.
Your flesh is cold resistant. (rC+)
You are immune to negative energy. (rN+++)
You do not regenerate when monsters are visible.
You are immune to unholy pain and torment.
You can survive without breathing.


Message History

The human zombie hits you but does no damage.
The mummy hits you but does no damage.
You slash the mummy!
The mummy is severely damaged.
The human zombie barely misses you.
The mummy hits you but does no damage. x2
You slash the mummy!
You destroy the mummy!
The human zombie hits you. The mummy hits you!
You are too injured to fight recklessly!
You are too injured to fight recklessly!
You are too injured to fight recklessly!
You hit the mummy.
The mummy is moderately damaged.
The human zombie hits you.
You hit the mummy.
The mummy is heavily damaged.
The human zombie hits you.
* * * LOW HITPOINT WARNING * * *
The mummy hits you!
You die...

######################
#.........∩∩.....M...#
#...............@Z...#
#...##############...#
#...# #...# #...#
#...# #...# #...#
....+####...# #...#
#.∩.....#...# #...#
#.......#...# #...#
#.......#...#
#...#.####.......#...#


You could see a mummy and a human zombie.

Vanquished Creatures
  A human zombie (Ossuary)
  A hound (D:4)
  An orc priest (D:3)
  Jessica (D:2)
  Terence (D:2)
  Ijyb (D:3)
  Natasha (thrice) (D:2)
  A mummy (Ossuary)
  6 adders
  An ooze (D:1)
  An adder zombie (Ossuary)
  2 worms (D:3)
  A dart slug (D:1)
  2 leopard geckos
  9 orcs (D:3)
  4 giant cockroaches
  3 hobgoblins
  6 kobolds
  2 ball pythons (D:1)
  8 bats
  4 frilled lizards
  8 goblins
  A goblin zombie (Ossuary)
  11 hobgoblin zombies (Ossuary)
  8 kobold zombies (Ossuary)
  7 orc zombies (Ossuary)
  7 rats
  A rat zombie (Ossuary)
102 creatures vanquished.

Notes
Turn   | Place    | Note
-------+----------+-------------------------------------------
     0 | D:1      | Borgoz the Ghoul Gladiator began the quest for the Orb.
     0 | D:1      | Reached XP level 1. HP: 17/17 MP: 0/0
   188 | D:1      | Reached XP level 2. HP: 16/25 MP: 1/1
   561 | D:1      | Reached XP level 3. HP: 29/30 MP: 2/2
  1346 | D:2      | Noticed Terence
  1346 | D:2      | Noticed Natasha
  1350 | D:2      | Killed Terence
  1351 | D:2      | Reached skill level 1 in Armour
  1351 | D:2      | Reached XP level 4. HP: 35/37 MP: 3/3
  1354 | D:2      | Killed Natasha
  1387 | D:2      | Noticed Natasha
  1392 | D:2      | Killed Natasha
  1416 | D:2      | Noticed Jessica
  1435 | D:2      | Killed Jessica
  1436 | D:2      | Reached XP level 5. HP: 45/45 MP: 4/4
  1447 | D:2      | Noticed Natasha
  1452 | D:2      | Killed Natasha
  1549 | D:2      | Found a hazy altar of Hepliaklqana.
  2135 | D:3      | Reached XP level 6. HP: 48/51 MP: 5/5
  2733 | D:3      | Noticed Ijyb
  2750 | D:3      | Killed Ijyb
  3743 | D:4      | Found a sand-covered staircase.
  3752 | Ossuary  | Entered an ossuary
  4068 | Ossuary  | Slain by a mummy

Illustrated notes

Levels and vault maps discovered:
D:1:      mrwooster_arrival_statue_2, layout_basic, minmay_tetromino_i4
D:2:      layout_rooms, nicolae_overflow_crystal_walls, uniq_natasha,
          uniq_terence, uniq_jessica
D:3:      layout_basic, uniq_ijyb
D:4:      layout_cave_pools, minmay_temple_entry_mist,
          lightli_ossuary_entry_decrepit_ruins, minmay_ruptured, uniq_eustachio
Ossuary:  ossuary_tomb_1

Skill      XL: |  1  2  3  4  5  6 |
---------------+-------------------+-----
Long Blades    | 3 4 |  4.5
Dodging        | 3 4 |  4.5
Armour         | 1 2 |  2.1
Fighting       | 3 |  3.6
Throwing       | |  1.7

Action                   |  1- 3 |  4- 6 || total
-------------------------+-------+-------++-------
Melee: Long sword        |    78 |   280 ||   358
Throw: Throwing net      |       |     3 ||     3
  Use: Scroll            |     5 |     6 ||    11
       Potion            |     1 |       ||     1
Armor: Leather armour    |    36 |    69 ||   105
Dodge: Dodged            |    84 |   208 ||   292
       Rpst.: Long sword |    25 |    68 ||    93
